Map: Catalyst LE

Players

obAmAsmAmA

  • Race: Zerg Zerg
  • League: Platinum
  • Spawn Location: 11:00

DAW - Winner!

  • Race: Terran Terran
  • League: Platinum
  • Spawn Location: 5:00

VOD

Have the link to the VOD?

Description

Time

  • Played on: May 25, 2018, 7:23 p.m.
  • Length: 11:19
Show
View Real Time Build Order
Export as new Build Order

obAmAsmAmA Zerg 

Build Orders: Hatch First 

Get SALT Encoding   

  12  0:02  Drone  
  13  0:13  Overlord  
  13  0:17  Drone  
  14  0:31  Drone x2  
  17  0:35  Drone  
  17  0:54  Hatchery  
  17  0:55  Drone  
  17  0:59  Drone  
  18  1:09  Extractor  
  17  1:15  Spawning Pool  
  17  1:18  Drone  
  17  1:22  Drone  
  18  1:31  Drone  
  19  1:39  Overlord  
  19  2:03  Queen  
  19  2:07  Zergling x6  
  24  2:09  Queen  
  24  2:13  Zergling x2  
  27  2:21  Drone  
  27  2:22  Metabolic Boost  
  28  2:29  Overlord  
  28  2:44  Zergling x2  
  28  2:45  Zergling x6  
  32  3:16  Zergling x2  
  32  3:17  Zergling x14  
  40  3:21  Overlord x2  
  40  3:22  Drone  
  41  3:29  Spore Crawler  
  41  3:32  Drone  
  41  3:35  Hatchery  
  24  4:20  Drone  
  24  4:21  Drone x10  
  35  4:29  Zergling x2  
  36  4:37  Drone, Queen x2  
  41  4:39  Drone  
  41  4:42  Spore Crawler  
  41  4:43  Drone  
  41  4:44  Extractor  
  41  4:45  Extractor  
  41  4:50  Drone  
  41  4:51  Drone  
  42  4:54  Drone x4  
  42  4:57  Queen  
  47  5:10  Overlord x2  
  47  5:17  Drone  
  47  5:18  Drone x3, Queen  
  53  5:24  Extractor  
  53  5:27  Extractor  
  51  5:33  Overlord x2  
  51  5:36  Drone x3  
  51  5:42  Extractor  
  53  5:48  Drone x4  
  57  5:54  Drone x2  
  57  5:55  Drone x3  
  62  6:04  Drone  
  62  6:05  Drone x4  
  62  6:09  Lair  
  62  6:11  Evolution Chamber  
  66  6:13  Evolution Chamber  
  65  6:19  Spine Crawler  
  65  6:21  Spine Crawler  
  65  6:22  Evolution Chamber  
  62  6:35  Drone x2  
  62  6:36  Drone x2  
  62  6:37  Zerg Melee Weapons Level 1  
  62  6:38  Zerg Ground Armor Level 1  
  66  6:54  Evolution Chamber  
  65  7:07  Roach Warren  
  64  7:17  Infestation Pit  
  64  7:19  Spore Crawler, Drone x3  
  64  7:20  Spore Crawler, Drone x6  
  64  7:21  Drone x4  
  74  7:24  Spore Crawler  
  74  7:26  Spine Crawler  
  74  7:29  Spine Crawler  
  71  7:31  Drone x3  
  71  7:34  Evolution Chamber  
  73  7:48  Zergling x2  
  73  7:49  Zergling x2  
  73  7:50  Zergling x2  
  76  7:51  Zergling x4  
  76  7:53  Zergling x4  
  76  7:54  Zergling x2  
  76  7:55  Zergling x2  
  82  7:58  Hatchery  
  82  8:03  Drone  
  82  8:04  Overlord x2  
  82  8:05  Overlord  
  82  8:10  Hive  
  81  8:22  Roach  
  81  8:23  Roach x5  
  86  8:42  Hatchery  
  78  9:05  Overlord x4  
  78  9:23  Queen  
  80  9:27  Drone x2  
  74  9:39  Zergling x20  
Show
View Real Time Build Order
Export as new Build Order

DAW Terran - Winner!

Build Orders: Hellion Opening, MMM Bio 

Get SALT Encoding   

  12  0:02  SCV  
  14  0:14  SCV  
  14  0:20  Supply Depot  
  14  0:25  Refinery  
  14  0:29  SCV  
  15  0:41  SCV  
  16  0:48  Barracks  
  16  0:54  SCV  
  17  1:08  SCV  
  18  1:23  SCV  
  19  1:37  Factory  
  19  1:38  SCV  
  20  1:51  Command Center  
  21  1:56  SCV  
  21  1:58  Barracks Reactor  
  21  2:09  Supply Depot, SCV  
  21  2:15  Refinery  
  23  2:25  Orbital Command  
  22  2:44  Starport  
  22  2:46  Hellion  
  22  2:48  Hellion  
  26  2:57  Barracks Tech Lab  
  27  3:07  Orbital Command  
  27  3:10  Hellion  
  28  3:14  Hellion  
  30  3:24  Stimpack  
  30  3:26  Starport Tech Lab  
  30  3:30  Supply Depot  
  30  3:35  Hellion  
  30  3:40  Hellion  
  34  3:50  SCV x2  
  36  4:04  Bunker  
  32  4:10  Orbital Command  
  30  4:17  Viking  
  32  4:34  SCV  
  32  4:36  Barracks  
  32  4:37  Barracks  
  33  4:43  Marine  
  34  4:46  SCV  
  34  4:48  SCV  
  36  4:58  SCV  
  37  5:00  SCV  
  37  5:01  Marine  
  39  5:10  SCV  
  39  5:12  Supply Depot, SCV  
  41  5:18  Siege Tank  
  41  5:20  Command Center  
  41  5:21  Marine  
  45  5:22  SCV  
  45  5:24  SCV  
  45  5:25  Supply Depot  
  45  5:27  Barracks Reactor x2  
  47  5:34  SCV  
  48  5:36  SCV  
  48  5:38  Marine  
  48  5:40  Medivac x2  
  54  5:46  SCV  
  54  5:48  SCV  
  56  5:55  Siege Tank  
  59  5:58  SCV  
  59  6:00  SCV  
  61  6:08  Barracks, Marine x5  
  61  6:11  SCV, Combat Shields  
  67  6:12  SCV  
  67  6:16  Refinery  
  68  6:20  Supply Depot  
  68  6:22  Supply Depot  
  68  6:23  SCV  
  68  6:24  Engineering Bay  
  69  6:25  Marine  
  69  6:31  Siege Tank  
  73  6:33  Marine x2  
  73  6:34  Marauder  
  73  6:36  SCV  
  78  6:43  Refinery  
  78  6:50  Engineering Bay, Supply Depot  
  78  6:51  Supply Depot  
  78  6:54  SCV x2  
  78  6:55  SCV  
  78  6:58  Medivac  
  78  7:00  Barracks Reactor, Marine  
  84  7:01  Marine  
  84  7:03  Marine  
  84  7:05  Marine  
  84  7:06  SCV  
  88  7:16  Terran Infantry Weapons Level 1, Terran Infantry Armor Level 1  
  89  7:24  Marine x5  
  89  7:29  Barracks Reactor  
  93  7:32  SCV  
  93  7:33  SCV x2  
  96  7:41  Marine  
  96  7:42  Marine  
  98  7:52  Siege Tank  
  98  7:56  Marine x2  
  98  7:58  Medivac  
  105  7:59  Marine x2  
  105  8:01  Marauder  
  109  8:23  Marauder  
  109  8:24  Siege Tank  
  112  8:34  Medivac x2  
  113  8:35  Marine x2  
  113  8:40  Marine  
  113  8:41  SCV  
  117  8:45  Marine x3, SCV x2  
  117  8:46  Marauder  
  124  8:53  Marine x2, SCV  
  123  8:56  Siege Tank  
  123  8:57  SCV x2  
  123  8:58  Marine  
  129  9:03  Marine x3  
  132  9:11  Marine  
  132  9:15  Barracks, Command Center  
  133  9:17  Supply Depot  
  133  9:18  Barracks  
  133  9:25  Marauder, Marine x5  
  133  9:26  Planetary Fortress  
  133  9:28  Marine  
  133  9:29  Siege Tank  
  144  9:43  Marine x4  
  147  9:46  Marine  
  145  9:56  SCV  
  145  9:57  SCV  
  145  10:03  Supply Depot  
  145  10:04  Supply Depot x2  
  144  10:08  SCV  
  144  10:09  SCV  
  146  10:18  Marine x6  
  146  10:19  Marine  
  146  10:20  Medivac, SCV  
  146  10:21  SCV  
  157  10:24  Barracks Reactor x2  
  157  10:25  Medivac  
  159  10:28  Supply Depot  
  159  10:30  Supply Depot  
  159  10:33  SCV  
  160  10:35  Marine  
  161  10:54  Supply Depot  
Tags
 
Add a new tag
Caveats
  • Supply blocks, unpowered buildings, or Contaminate may cause inaccurate times.
  • Supply counts are checked every 10 seconds.